MLB
NEW YORK YANKEES @ TORONTO BLUE JAYS
09/27/2098
 
TOP OF THE 1ST
New York Yankees batting - Pitching for Toronto Blue Jays : LHP Greg Earle
Pitching: LHP Greg Earle
Batting: RHB Cedric Tracy 0-0: Called Strike
0-1: SINGLE (Groundball, 56D, EV 105.0 MPH)
Batting: RHB Brandon Thomas 0-0: Ball
1-0: Ball
2-0: Called Strike
2-1: Ball
3-1: Foul Ball, location: 2F
3-2: Foul Ball, location: 23FF
3-2: Fly out, F9 (Flyball, 89D, EV 85.6 MPH)
Batting: RHB Zach Sterling 0-0: Foul Ball, location: 9LDF
0-1: Hit by Pitch
Cedric Tracy to second
Batting: LHB Bill Hayden 0-0: Foul Ball, location: 7LDF
0-1: Ball
1-1: Ball
2-1: Called Strike
2-2: SINGLE (Line Drive, 34D, EV 99.4 MPH)
Cedric Tracy to third
Zach Sterling to second
Runner from 3rd tries for Home, SAFE, throw by RF to home
Batting: SHB Seth Hardenbrook 0-0: Ball
1-0: Foul Ball, location: 25F
1-1: Swinging Strike
1-2: Fly out, F9 (Flyball, 89S, EV 68.1 MPH)
Batting: RHB Aaron Comeaux 0-0: Swinging Strike
0-1: Ball
1-1: Called Strike
1-2: Ball
2-2: Strikes out swinging
Top of the 1st over - 1 run, 2 hits, 0 errors, 2 left on base; New York 1 - Toronto 0
BOTTOM OF THE 1ST
Toronto Blue Jays batting - Pitching for New York Yankees : RHP Dave Linkous
Pitching: RHP Dave Linkous
Batting: LHB Collin Coleman 0-0: Called Strike
0-1: Hit by Pitch
Batting: RHB Greg Whitaker 0-0: Ground out 4-3 (Groundball, 4, EV 100.0 MPH)
Collin Coleman to second
Batting: LHB John Slaff 0-0: Ball
1-0: Ball
2-0: Swinging Strike
2-1: Ground out U3 (Groundball, 34, EV 90.6 MPH)
Collin Coleman to third
Batting: SHB Dennis Desper 0-0: Ball
1-0: Swinging Strike
1-1: Foul Ball, location: 7LDF
1-2: Ball
2-2: Ball
3-2: Fly out, F8 (Flyball, 78M, EV 88.1 MPH)
Bottom of the 1st over - 0 runs, 0 hits, 0 errors, 1 left on base; New York 1 - Toronto 0
TOP OF THE 2ND
New York Yankees batting - Pitching for Toronto Blue Jays : LHP Greg Earle
Batting: LHB Ryan McCullough 0-0: Called Strike
0-1: Called Strike
0-2: Strikes out looking
Batting: SHB Chris Clark 0-0: Bunt missed!
0-1: Foul Ball, location: 25FF
0-2: Ball
1-2: Fly out, F5 (Popup, 56S, EV 34.4 MPH)
Batting: RHB Robby Junker 0-0: Ground out 5-3 (Groundball, 56, EV 78.1 MPH)
Top of the 2nd over - 0 runs, 0 hits, 0 errors, 0 left on base; New York 1 - Toronto 0
BOTTOM OF THE 2ND
Toronto Blue Jays batting - Pitching for New York Yankees : RHP Dave Linkous
Batting: LHB Ramon Anguiano 0-0: Called Strike
0-1: Ball
1-1: Foul Ball, location: 5DF
1-2: Foul Ball, location: 9LDF
1-2: Foul Ball, location: 7LDF
1-2: Ground out 3-1 (Groundball, 34, EV 84.4 MPH)
Batting: LHB Ryan Ricks 0-0: Ball
1-0: Foul Ball, location: 2F
1-1: Fly out, F9 (Flyball, 89D, EV 80.0 MPH)
Batting: RHB Josh Sherman 0-0: Called Strike
0-1: Foul Ball, location: 2F
0-2: Ball
1-2: SINGLE (Groundball, 4D, EV 95.0 MPH)
Batting: SHB Mark Spalding 0-0: Foul Ball, location: 5FF
0-1: Fly out, F7 (Flyball, 7, EV 90.6 MPH)
Bottom of the 2nd over - 0 runs, 1 hit, 0 errors, 1 left on base; New York 1 - Toronto 0
TOP OF THE 3RD
New York Yankees batting - Pitching for Toronto Blue Jays : LHP Greg Earle
Pitching: RHP Bryan Bassett
Batting: RHB Cedric Tracy 0-0: Ball
1-0: Ball
2-0: Ground out 3-1 (Groundball, 34, EV 107.5 MPH)
Batting: RHB Brandon Thomas 0-0: Fly out, F7 (Flyball, 78M, EV 80.0 MPH)
Batting: RHB Zach Sterling 0-0: Called Strike
0-1: Ball
1-1: Ball
2-1: Fly out, F9 (Flyball, 9S, EV 93.1 MPH)
Top of the 3rd over - 0 runs, 0 hits, 0 errors, 0 left on base; New York 1 - Toronto 0
BOTTOM OF THE 3RD
Toronto Blue Jays batting - Pitching for New York Yankees : RHP Dave Linkous
Batting: SHB Alex Carrillo 0-0: Ball
1-0: Ball
2-0: Ball
3-0: Called Strike
3-1: Base on Balls
Batting: LHB Collin Coleman 0-0: Foul Ball, location: 2F
0-1: Swinging Strike
0-2: Foul Ball, location: 5DF
0-2: Strikes out looking
Batting: RHB Greg Whitaker 0-0: Ball
1-0: Ball
2-0: Called Strike
2-1: Ball
3-1: Base on Balls
Alex Carrillo to second
Batting: LHB John Slaff 0-0: Ball
1-0: Foul Ball, location: 5FF
1-1: 3-RUN HOME RUN (Flyball, 9D, EV 95.6 MPH), Distance : 374 ft
Batting: SHB Dennis Desper 0-0: Ball
1-0: Ball
2-0: Foul Ball, location: 25F
2-1: Ball
3-1: Base on Balls
Batting: LHB Ramon Anguiano 0-0: Fly out, F7 (Flyball, 7, EV 90.6 MPH)
Batting: LHB Ryan Ricks 0-0: Called Strike
0-1: Ball
1-1: Ball
2-1: Ball
3-1: Base on Balls
Dennis Desper to second
Batting: RHB Josh Sherman 0-0: Ball
1-0: Ball
2-0: Ball
3-0: Fly out, F9 (Flyball, 9S, EV 88.1 MPH)
Bottom of the 3rd over - 3 runs, 1 hit, 0 errors, 2 left on base; New York 1 - Toronto 3
TOP OF THE 4TH
New York Yankees batting - Pitching for Toronto Blue Jays : RHP Bryan Bassett
Batting: LHB Bill Hayden 0-0: Ball
1-0: Called Strike
1-1: Swinging Strike
1-2: Ball
2-2: Strikes out swinging
Batting: SHB Seth Hardenbrook 0-0: Ball
1-0: Foul Ball, location: 5SF
1-1: Ball
2-1: SINGLE (Line Drive, 7S, EV 105.0 MPH)
Batting: RHB Aaron Comeaux 0-0: SINGLE (Groundball, 6MD, EV 98.1 MPH)
Seth Hardenbrook to second
Batting: LHB Ryan McCullough 0-0: Ball
1-0: Grounds out, U3 (Groundball, 3L, EV 93.1 MPH)
Seth Hardenbrook to third
Batting: SHB Chris Clark 0-0: Called Strike
0-1: Fly out, F7 (Flyball, 7D, EV 97.5 MPH)
Top of the 4th over - 0 runs, 2 hits, 0 errors, 2 left on base; New York 1 - Toronto 3
BOTTOM OF THE 4TH
Toronto Blue Jays batting - Pitching for New York Yankees : RHP Dave Linkous
Batting: SHB Mark Spalding 0-0: Ground out 4-3 (Groundball, 4, EV 90.6 MPH)
Batting: SHB Alex Carrillo 0-0: Swinging Strike
0-1: Foul Ball, location: 2F
0-2: Foul Ball, location: 9LDF
0-2: Foul Ball, location: 2F
0-2: Ball
1-2: Foul Ball, location: 3FF
1-2: SINGLE (Line Drive, 89S, EV 107.5 MPH)
Batting: LHB Collin Coleman 0-0: Ball
1-0: Foul Ball, location: 5F
1-1: Ball
2-1: Ball
3-1: Base on Balls
Alex Carrillo to second
Batting: RHB Greg Whitaker 0-0: Called Strike
0-1: Grounds into double play, 6-4-3 (Groundball, 6MS, EV 87.5 MPH)
Bottom of the 4th over - 0 runs, 1 hit, 0 errors, 1 left on base; New York 1 - Toronto 3
TOP OF THE 5TH
New York Yankees batting - Pitching for Toronto Blue Jays : RHP Bryan Bassett
Batting: RHB Robby Junker 0-0: Ball
1-0: Ball
2-0: Called Strike
2-1: Called Strike
2-2: Foul Ball, location: 25FF
2-2: Strikes out swinging
Batting: RHB Cedric Tracy 0-0: Called Strike
0-1: SINGLE (Line Drive, 9S, EV 99.4 MPH)
Pitching: RHP Adam Lyons
Batting: RHB Brandon Thomas 0-0: Fielders Choice at 2nd, 6-4 (Groundball, 6, EV 108.8 MPH)
Batting: RHB Zach Sterling 0-0: Foul Ball, location: 25FF
0-1: DOUBLE (Line Drive, 7LM, EV 106.9 MPH)
Brandon Thomas to third
Runner from 3rd tries for Home, SAFE, throw by LF to home
Batting: LHB Bill Hayden 0-0: Ball
1-0: Foul Ball, location: 2F
1-1: Ball
2-1: Called Strike
2-2: Ball
3-2: Strikes out swinging
Top of the 5th over - 1 run, 2 hits, 0 errors, 1 left on base; New York 2 - Toronto 3
BOTTOM OF THE 5TH
Toronto Blue Jays batting - Pitching for New York Yankees : RHP Dave Linkous
Batting: LHB John Slaff 0-0: Ball
1-0: Called Strike
1-1: Swinging Strike
1-2: Ball
2-2: DOUBLE (Line Drive, 5D, EV 110.0 MPH)
Batting: SHB Dennis Desper 0-0: Ball
1-0: Ball
2-0: Called Strike
2-1: Foul Ball, location: 2F
2-2: Foul Ball, location: 7LDF
2-2: Foul Ball, location: 9LSF
2-2: Ground out U3 (Groundball, 23, EV 86.3 MPH)
John Slaff to third
Batting: LHB Ramon Anguiano 0-0: Swinging Strike
0-1: Fly out, F7 (Flyball, 78M, EV 100.0 MPH)
Runner from 3rd tags up, OUT at HOME! 7-2
Bottom of the 5th over - 0 runs, 1 hit, 0 errors, 0 left on base; New York 2 - Toronto 3
TOP OF THE 6TH
New York Yankees batting - Pitching for Toronto Blue Jays : RHP Adam Lyons
Batting: SHB Seth Hardenbrook 0-0: Called Strike
0-1: Ball
1-1: Foul Ball, location: 7LMF
1-2: Foul Ball, location: 2LF
1-2: Strikes out swinging
Batting: RHB Aaron Comeaux 0-0: Ball
1-0: Ball
2-0: Called Strike
2-1: Foul Ball, location: 9LDF
2-2: SOLO HOME RUN (Flyball, 7D, EV 95.6 MPH), Distance : 366 ft
Pinch Hitting: LHB Bobby Brown 0-0: Ball
1-0: Called Strike
1-1: Called Strike
1-2: Ball
2-2: Strikes out looking
Batting: SHB Chris Clark 0-0: Ball
1-0: Ball
2-0: Called Strike
2-1: Ground out 2-3 (Groundball, 2L, EV 67.5 MPH)
Top of the 6th over - 1 run, 1 hit, 0 errors, 0 left on base; New York 3 - Toronto 3
BOTTOM OF THE 6TH
Toronto Blue Jays batting - Pitching for New York Yankees : RHP Dave Linkous
Now in LF: Zach Sterling
Now in CF: Bobby Brown
Batting: LHB Ryan Ricks 0-0: Called Strike
0-1: Foul Ball, location: 2LF
0-2: Strikes out looking
Batting: RHB Josh Sherman 0-0: Ball
1-0: Ball
2-0: DOUBLE (Line Drive, 7LM, EV 103.1 MPH)
Batting: SHB Mark Spalding 0-0: Intentional Walk
Batting: SHB Alex Carrillo 0-0: Ball
1-0: Called Strike
1-1: Swinging Strike
1-2: Ball
2-2: Foul Ball, location: 3F
2-2: Fly out, F5 (Popup, 56, EV 78.1 MPH)
Pitching: RHP David Hanks
Batting: LHB Collin Coleman 0-0: Swinging Strike
0-1: Ball
1-1: Foul Ball, location: 2F
1-2: Foul Ball, location: 25FF
1-2: Foul Ball, location: 3FF
1-2: Strikes out swinging
Bottom of the 6th over - 0 runs, 1 hit, 0 errors, 2 left on base; New York 3 - Toronto 3
TOP OF THE 7TH
New York Yankees batting - Pitching for Toronto Blue Jays : RHP Adam Lyons
Pitching: RHP Victor Urueta
Batting: RHB Robby Junker 0-0: Ball
1-0: Ground out U3 (Groundball, 3, EV 101.9 MPH)
Batting: RHB Cedric Tracy 0-0: Called Strike
0-1: Ball
1-1: Ground out 3-1 (Groundball, 34S, EV 83.1 MPH)
Batting: RHB Brandon Thomas 0-0: Fly out, F9 (Flyball, 89S, EV 91.9 MPH)
Top of the 7th over - 0 runs, 0 hits, 0 errors, 0 left on base; New York 3 - Toronto 3
BOTTOM OF THE 7TH
Toronto Blue Jays batting - Pitching for New York Yankees : RHP David Hanks
Batting: RHB Greg Whitaker 0-0: Called Strike
0-1: Swinging Strike
0-2: Ball
1-2: Strikes out swinging
Pitching: LHP Brandon Moore
Batting: LHB John Slaff 0-0: Ball
1-0: Fly out, F8 (Line Drive, 8LD, EV 95.0 MPH)
Batting: SHB Dennis Desper 0-0: Ball
1-0: Called Strike
1-1: Ball
2-1: Called Strike
2-2: Foul Ball, location: 3FF
2-2: Strikes out swinging
Bottom of the 7th over - 0 runs, 0 hits, 0 errors, 0 left on base; New York 3 - Toronto 3
TOP OF THE 8TH
New York Yankees batting - Pitching for Toronto Blue Jays : RHP Victor Urueta
Batting: RHB Zach Sterling 0-0: Called Strike
0-1: Swinging Strike
0-2: Fly out, F9 (Flyball, 9D, EV 104.4 MPH)
Batting: LHB Bill Hayden 0-0: Ball
1-0: Ball
2-0: Ball
3-0: Called Strike
3-1: Called Strike
3-2: Foul Ball, location: 23F
3-2: Strikes out swinging
Batting: SHB Seth Hardenbrook 0-0: Foul Ball, location: 2F
0-1: Foul Ball, location: 3F
0-2: Strikes out swinging
Top of the 8th over - 0 runs, 0 hits, 0 errors, 0 left on base; New York 3 - Toronto 3
BOTTOM OF THE 8TH
Toronto Blue Jays batting - Pitching for New York Yankees : LHP Brandon Moore
Pinch Hitting: RHB Danny Daugherty 0-0: Ball
1-0: Ball
2-0: Ball
3-0: Called Strike
3-1: Base on Balls
Pinch Hitting: RHB Victor Ramirez 0-0: Called Strike
0-1: Ball
1-1: Called Strike
1-2: Strikes out swinging
Batting: RHB Josh Sherman 0-0: Ball
1-0: Ball
2-0: Grounds into double play, 6-4-3 (Groundball, 6, EV 84.4 MPH)
Bottom of the 8th over - 0 runs, 0 hits, 0 errors, 0 left on base; New York 3 - Toronto 3
TOP OF THE 9TH
New York Yankees batting - Pitching for Toronto Blue Jays : RHP Victor Urueta
Now in LF: Danny Daugherty
Now in RF: Matt Gordon
Pinch Hitting: LHB John Blair 0-0: Ball
1-0: Swinging Strike
1-1: Ball
2-1: Ground out 4-3 (Groundball, 4, EV 102.5 MPH)
Batting: LHB Bobby Brown 0-0: Ball
1-0: SOLO HOME RUN (Flyball, 9D, EV 96.3 MPH), Distance : 365 ft
Pitching: LHP Curtis Moore
Batting: SHB Chris Clark 0-0: Fly out, F9 (Line Drive, 9S, EV 98.1 MPH)
Batting: RHB Robby Junker 0-0: Called Strike
0-1: Called Strike
0-2: Foul Ball, location: 3SF
0-2: Strikes out looking
Top of the 9th over - 1 run, 1 hit, 0 errors, 0 left on base; New York 4 - Toronto 3
BOTTOM OF THE 9TH
Toronto Blue Jays batting - Pitching for New York Yankees : LHP Brandon Moore
Pitching: RHP Jon Barton
Now at 1B: John Blair
Now at SS: Cedric Tracy
Now in RF: Carlos Jeronimo
Batting: SHB Mark Spalding 0-0: Called Strike
0-1: Fly out, F7 (Flyball, 7S, EV 83.1 MPH)
Pinch Hitting: RHB Ricky Ulloa 0-0: Called Strike
0-1: Swinging Strike
0-2: Ball
1-2: Foul Ball, location: 9LSF
1-2: Ground out 6-3 (Groundball, 6, EV 98.1 MPH)
Batting: LHB Collin Coleman 0-0: Ground out 2-3 (Groundball, 15S, EV 71.9 MPH)
Bottom of the 9th over - 0 runs, 0 hits, 0 errors, 0 left on base; New York 4 - Toronto 3
Sunday, April 14th , 2024 - OOTP Baseball 24.11 Build 85